 Dungeon Crawl Stone Soup version 0.25-a0-366-g516bc45ae0 (webtiles) character file.

Game seed: 3691878839080799819, levelgen mode: deterministic

2223 Gildeon the Ducker (level 9, -1/61 HPs)
             Began as an Octopode Fighter on Jan 6, 2020.
             Was a Follower of Makhleb.
             Slain by a killer bee (9 damage)
             ... on level 7 of the Dungeon.
             The game lasted 00:17:39 (7404 turns).

Gildeon the Ducker (Octopode Fighter)               Turns: 7404, Time: 00:17:40

Health: -1/61      AC:  1    Str: 17    XL:     9   Next: 35%
Magic:  14/14      EV: 14    Int: 10    God:    Makhleb [*.....]
Gold:   397        SH: 10    Dex: 15    Spells: 11/14 levels left

rFire    + . .     SeeInvis .   a - +0 trident
rCold    x . .     Gourm    .   b - +0 shield
rNeg     . . .     Faith    .   (helmet restricted)
rPois    .         Spirit   .   (no amulet)
rElec    .         Reflect  .   z - ring of fire
rCorr    .         Harm     .   A - +2 ring of strength
MR       .....                  (no ring)
Stlth    ++++......             (no ring)
HPRegen  0.20/turn              (no ring)
MPRegen  0.14/turn              (no ring)
                                (no ring)
                                (no ring)

@: lethally poisoned (-1 -> -7)
A: almost no armour, stealthy swim, amphibious, 8 rings, constrict 8, camouflage
1, gelatinous body 1
a: Renounce Religion


You were on level 7 of the Dungeon.
You worshipped Makhleb.
Makhleb was aware of your devotion.
You were not hungry.

You visited 2 branches of the dungeon, and saw 8 of its levels.

You collected 397 gold pieces.

Inventory:

Hand Weapons
 a - a +0 trident (weapon)
 r - a +0 halberd of chopping
 B - a cursed -2 spear
Missiles
 g - 21 poisoned darts (quivered)
Armour
 b - a +0 shield (worn)
Jewellery
 z - a ring of fire (left tentacle)
 A - a +2 ring of strength (right tentacle)
 F - an uncursed amulet of the acrobat {unknown}
Scrolls
 e - 2 scrolls of amnesia
 f - a scroll of enchant weapon {unknown}
 i - a scroll of immolation {unknown}
 k - 2 scrolls of magic mapping
 p - 2 scrolls of enchant armour {unknown}
 t - 2 scrolls of fear {unknown}
 v - a scroll of blinking {unknown}
 x - 2 scrolls of teleportation {unknown}
 D - a scroll of random uselessness {unknown}
 E - a scroll of remove curse {unknown}
Potions
 c - a potion of might
 h - 2 potions of mutation {unknown}
 j - 3 potions of agility {unknown}
 m - a potion of brilliance {unknown}
 n - a potion of resistance {unknown}
 o - 3 potions of lignification
 q - 2 potions of heal wounds {unknown}
 u - a potion of flight {unknown}
 w - a potion of cancellation {unknown}
 C - a potion of haste {unknown}
Comestibles
 d - 7 rations
 s - 7 chunks of flesh


   Skills:
 - Level 5.0 Fighting
 - Level 5.1 Polearms
 + Level 3.5 Throwing
 - Level 5.1 Dodging
 - Level 5.0 Stealth
 - Level 5.0 Shields
 + Level 3.3 Spellcasting
 + Level 1.8 Hexes
 + Level 1.9 Summonings
 + Level 1.8 Translocations
 + Level 4.0 Invocations


You had 11 spell levels left.
You knew the following spells:

 Your Spells              Type           Power        Failure   Level  Hunger
a - Summon Small Mammal   Summ           #...         41%         1    #......
b - Confusing Touch       Hex            #.....       43%         1    #......
c - Apportation           Tloc           #.....       43%         1    #......

Your spell library contained the following spells:

 Spells                   Type           Power        Failure   Level  Hunger
 Animate Skeleton         Necr           N/A          69%         1    #......


Dungeon Overview and Level Annotations

Branches:
Dungeon (7/15)             Temple (1/1) D:5

Altars:
Ashenzari
Elyvilon
Fedhas
Kikubaaqudgha
Makhleb
Nemelex Xobeh
Qazlal
Ru
Trog
Uskayaw
Vehumet
Wu Jian
Xom
Yredelemnul
Zin

Shops:
D:6 }


Innate Abilities, Weirdness & Mutations

You cannot wear most types of armour.
You are very stealthy in the water. (Stealth+)
You are amphibious.
You can wear up to eight rings at the same time.
You can use your tentacles to constrict eight enemies at once.
Your skin changes colour to match your surroundings (Stealth+).
Your rubbery body absorbs attacks. (AC +1, EV +1)


Message History

You are poisoned.
The killer bee poisons you! The killer bee stings you.
* * * LOW HITPOINT WARNING * * *
You feel better. You block the killer bee's attack. The killer bee misses you.
You completely miss the killer bee. Your grab misses the killer bee.
The killer bee stings you.
* * * LOW HITPOINT WARNING * * *
The killer bee misses you.
You miss the killer bee. You grab the killer bee. You constrict the killer bee.
The killer bee barely misses you. The killer bee stings you!
* * * LOW HITPOINT WARNING * * *
You are poisoned.
The killer bee poisons you!
You barely miss the killer bee.
The killer bee is lightly wounded.
You constrict the killer bee.
You feel sick. The killer bee barely misses you. The killer bee stings you.
* * * LOW HITPOINT WARNING * * *
The killer bee stings you!
You die...

##.## ##.# #.# #.# #.#
##.#### #.# ......# #.#
##.##.# #.# ...##.# #.#
#####.# #.# #######.###
#####.###.######@yyl......
..............#.###......#
######.##......## #......
# #.######..# ...(y. # #.#
#..# y.... # #.# #.#.#
#.y(# #.. ..##.. .... ###
#### ### ###


You could see an iguana and 2 killer bees.

Vanquished Creatures
  Grinder (D:6)
  Menkaure (D:6)
  An orc warrior (D:6)
  A sky beast (D:6)
  4 ogres
  2 black bears (D:6)
  A bullfrog (D:7)
  A water moccasin skeleton (D:6)
  A scorpion (D:6)
  A killer bee (D:7)
  5 howler monkeys (D:7)
  3 crimson imps
  3 orc priests
  3 hounds
  Natasha (thrice) (D:3)
  6 orc wizards
  2 worker ants
  A hound skeleton (D:5)
  A worker ant zombie (D:6)
  7 gnolls
  4 adders
  A shadow imp (D:6)
  An ooze (D:1)
  An adder skeleton (D:6)
  A dart slug (D:1)
  5 leopard geckos
  23 orcs
  6 bats
  5 giant cockroaches
  10 goblins
  5 hobgoblins
  10 jackals
  6 quokkas
  9 frilled lizards
  A giant cockroach zombie (D:6)
  3 kobolds
  A leopard gecko skeleton (D:4)
  12 rats
152 creatures vanquished.

Notes
Turn   | Place    | Note
-------+----------+-------------------------------------------
     0 | D:1      | Gildeon the Octopode Fighter began the quest for the Orb.
     0 | D:1      | Reached XP level 1. HP: 16/16 MP: 1/1
   241 | D:1      | Reached XP level 2. HP: 12/21 MP: 2/2
   377 | D:1      | Reached skill level 1 in Stealth
   956 | D:1      | Reached XP level 3. HP: 26/26 MP: 3/3
  1512 | D:2      | Reached XP level 4. HP: 16/31 MP: 4/4
  2010 | D:2      | Reached XP level 5. HP: 20/36 MP: 5/5
  2815 | D:3      | Noticed Natasha
  2824 | D:3      | Killed Natasha
  2844 | D:3      | Noticed Natasha
  2848 | D:3      | Killed Natasha
  2848 | D:3      | Reached XP level 6. HP: 35/43 MP: 6/6
  3298 | D:3      | Noticed Natasha
  3304 | D:3      | Killed Natasha
  3970 | D:4      | Reached XP level 7. HP: 5/48 MP: 7/7
  4712 | D:5      | Entered Level 5 of the Dungeon
  5008 | D:5      | Found a staircase to the Ecumenical Temple.
  5028 | Temple   | Entered the Ecumenical Temple
  5051 | Temple   | Became a worshipper of Makhleb the Destroyer
  5690 | D:4      | Found a sacrificial altar of Ru.
  5760 | D:5      | Reached skill level 5 in Stealth
  5760 | D:5      | Reached skill level 1 in Invocations
  5891 | D:5      | Reached skill level 1 in Spellcasting
  5891 | D:5      | Reached XP level 8. HP: 53/54 MP: 9/9
  5924 | D:5      | Reached skill level 1 in Throwing
  6185 | D:6      | Found Imyssyrra's Gadget Shoppe.
  6204 | D:6      | Reached skill level 5 in Shields
  6229 | D:6      | Noticed Grinder
  6333 | D:6      | Reached skill level 5 in Fighting
  6349 | D:6      | Paralysed by Grinder for 2 turns
  6354 | D:6      | Killed Grinder
  6354 | D:6      | Reached skill level 5 in Dodging
  6459 | D:6      | Learned a level 1 spell: Summon Small Mammal
  6461 | D:6      | Learned a level 1 spell: Confusing Touch
  6463 | D:6      | Learned a level 1 spell: Apportation
  6503 | D:6      | Reached skill level 5 in Polearms
  6594 | D:6      | Reached * piety under Makhleb
  6594 | D:6      | Reached XP level 9. HP: 25/61 MP: 13/13
  6810 | D:6      | Reached skill level 1 in Summonings
  6813 | D:6      | Reached skill level 1 in Translocations
  6966 | D:6      | Reached skill level 1 in Hexes
  6992 | D:6      | Noticed Menkaure
  7000 | D:6      | Killed Menkaure
  7339 | D:7      | Found a bloodstained altar of Trog.
  7404 | D:7      | Slain by a killer bee

Levels and vault maps discovered:
D:1:      minmay_arrival_wavy_path, layout_basic
D:2:      layout_loops_corners
D:3:      layout_loops_ring, uniq_natasha
D:4:      lemuel_upstairs_altar, layout_basic, first_ration
D:5:      minmay_chambers_of_fours, layout_loops_ring,
          minmay_temple_entry_offerings
D:6:      layout_rooms, serial_shops, shop, uniq_grinder, uniq_menkaure
D:7:      layout_loops_corners, lemuel_coloured_pillars_altar, bloody_trog,
          okawaru_metal_pillars_1_2
Temple:   minmay_temple_curvy_branch

Skill      XL: |  1  2  3  4  5  6  7  8  9 |
---------------+----------------------------+-----
Stealth        | 1 2 3 4 5 |  5.0
Polearms       | 3 4 5 |  5.1
Shields        | 4 5 |  5.0
Fighting       | 4 5 |  5.0
Dodging        | 4 5 |  5.1
Invocations    | 1 3 4 |  4.0
Spellcasting   | 1 2 3 |  3.3
Throwing       | 3 |  3.5
Summonings     | 1 |  1.9
Translocations | 1 |  1.8
Hexes          | 1 |  1.8

Action                   |  1- 3 |  4- 6 |  7- 9 || total
-------------------------+-------+-------+-------++-------
Melee: Trident           |    62 |   130 |   186 ||   378
       Constrict         |    14 |    32 |    41 ||    87
       Tentacles         |     6 |    33 |    43 ||    82
Throw: Dart              |       |     4 |    19 ||    23
  Use: Scroll            |       |     4 |       ||     4
       Potion            |       |       |     2 ||     2
 Stab: Sleeping          |     4 |    13 |    11 ||    28
  Eat: Chunk             |     2 |     8 |     7 ||    17
       Ration            |       |       |     1 ||     1
Armor: Skin              |     6 |     6 |    10 ||    22
Dodge: Dodged            |    26 |    40 |    83 ||   149
Block: Shield            |    37 |    45 |    64 ||   146

Table legend:
 A = Non-vault XP
 B = Vault XP
 C = Vault XP percentage of total XP
 D = Non-vault monster count
 E = Vault monster count
 F = Vault count percentage of total count
                 A         B        C        D         E       F
            +---------+---------+-------+---------+---------+-------
      Total |    2639 |     537 |  16.9 |     145 |       7 |   4.6
            +---------+---------+-------+---------+---------+-------
        D:1 |      43 |       0 |   0.0 |      20 |       0 |   0.0
        D:2 |     163 |       0 |   0.0 |      35 |       0 |   0.0
        D:3 |     262 |      36 |  12.1 |      28 |       1 |   3.4
        D:4 |     155 |       0 |   0.0 |      15 |       0 |   0.0
        D:5 |     498 |      71 |  12.5 |      15 |       4 |  21.1
        D:6 |    1090 |     430 |  28.3 |      24 |       2 |   7.7
        D:7 |     428 |       0 |   0.0 |       8 |       0 |   0.0
            +---------+---------+-------+---------+---------+-------
